 Dungeon Crawl Stone Soup version 0.29-a0-409-gd843f3a (webtiles) character file.

Game seed: 1679500872865260492

609 Illumine the Bolt Thrower (level 7, -2/61 HPs)
             Began as a Minotaur Hunter on May 12, 2022.
             Was an Initiate of Hepliaklqana.
             Killed from afar by a white imp (7 damage)
             ... with a puff of frost
             ... on level 5 of the Dungeon.
             The game lasted 00:07:19 (3050 turns).

Illumine the Bolt Thrower (Minotaur Hunter)         Turns: 3050, Time: 00:07:19

Health: -2/61      AC:  4    Str: 16    XL:     7   Next: 19%
Magic:  6/6        EV: 12    Int: 12    God:    Hepliaklqana [......]
Gold:   150        SH:  0    Dex: 15    Spells: 6/6 levels left

rFire   . . .      SeeInvis .   b - +6 mace of the World {venom, Int+6}
rCold   . . .      Faith    .   (no shield)
rNeg    . . .      Spirit   .   l - +2 animal skin
rPois   .          Reflect  .   (helmet restricted)
rElec   .          Harm     .   (no cloak)
rCorr   .          Rampage  .   (no gloves)
Will    +....                   (no boots)
Stlth   ++........              (no amulet)
HPRegen 0.20/turn               d - ring of willpower
MPRegen 0.10/turn               (no ring)

@: no status effects
A: horns 2, retaliatory headbutt
a: Renounce Religion


You were on level 5 of the Dungeon.
You worshipped Hepliaklqana.
Hepliaklqana was noncommittal.
You visited 2 branches of the dungeon, and saw 6 of its levels.

You collected 150 gold pieces.

Inventory:

Hand Weapons
 a - a +1 hand crossbow
 b - the +6 mace of the World (weapon) {venom, Int+6}
   (You took it off a hobgoblin on level 2 of the Dungeon)

   It poisons the flesh of those it strikes.
   Int:       It affects your intelligence (+6).
Missiles
 h - a throwing net
Armour
 g - a +2 chain mail of cold resistance
 l - a +2 animal skin (worn)
Jewellery
 d - a ring of willpower (left hand)
Scrolls
 c - a scroll of immolation
 e - a scroll of amnesia
 f - 2 scrolls of torment
 n - a scroll of noise {unknown}
 o - a scroll of identify {unknown}
Potions
 i - a potion of cancellation {unknown}
 j - a potion of flight {unknown}


   Skills:
 + Level 5.5 Fighting
 + Level 4.3 Maces & Flails
 + Level 6.4 Crossbows
 - Level 3.3 Armour
 - Level 2.1 Dodging
 - Level 0.7 Stealth


You had 6 spell levels left.
You didn't know any spells.
Your spell library contained the following spells:

 Spells                   Type           Power      Damage    Failure   Level
 Beastly Appendage        Tmut           0%         N/A       32%         1
 Wereblood                Tmut           0%         N/A       45%         2
 Spider Form              Tmut/Pois      0%         N/A       69%         3
 Tukima's Dance           Hex            0%         N/A       69%         3
 Passage of Golubria      Tloc           0%         N/A       97%         4
 Yara's Violent Unravell  Hex/Tmut       0%         3d3       100%        5


Dungeon Overview and Level Annotations

Branches:
Dungeon (6/15)             Temple (1/1) D:6

Altars:
Gozag
Hepliaklqana
Trog

Shops:
D:6 :(

Annotations:
D:6 Dowan, Pikel


Innate Abilities, Weirdness & Mutations

You have a pair of horns on your head.
You reflexively headbutt those who attack you in melee.


Message History

Duvessa hits you but does no damage. Duvessa completely misses you.
You hit Duvessa but do no damage.
Duvessa is poisoned.
You headbutt Duvessa, but do no damage.
Duvessa is lightly wounded.
Duvessa barely misses you.
You hit Duvessa.
Duvessa is lightly wounded.
Duvessa hits you with a +0 rapier!
You barely miss Duvessa.
Duvessa is moderately wounded.
Duvessa barely misses you.
You closely miss Duvessa. You headbutt Duvessa, but do no damage.
Duvessa is moderately wounded.
Duvessa hits you with a +0 rapier. Duvessa attacks as you move away!
Duvessa hits you with a +0 rapier!
You sock Duvessa!
Duvessa looks as sick as possible!
Your headbutt misses Duvessa.
Duvessa is severely wounded.
Duvessa hits you with a +0 rapier.
Dowan, Brother of Duvessa comes into view.
He is wielding a +0 dagger.
Duvessa hits you with a +0 rapier.
Dowan shouts!
You hit Duvessa but do no damage.
Duvessa looks as sick as possible!
Duvessa is severely wounded.
Duvessa hits you with a +0 rapier! Duvessa closely misses you.
You kill Duvessa!
You hear a distant wail of despair.
You have reached level 7!
Dowan seems to find hidden reserves of power!
Dowan points at you and mumbles some strange words.
The shard of ice hits you!!
* * * LOW HITPOINT WARNING * * *
Found a stone staircase leading up.
There is a stone staircase leading up here.
You climb upwards.
The howler monkey howls!
The white imp gestures at you. The puff of frost hits you!
You die...

..... #####.?...
#......... #.........
#.......(....
#......h.....######
####.../...!.........#
#....@.>..# ........#
#..#......# ....s...#
# #......# .l......#
......5.......$..†#
##.######.......5.>#
.. .........# ..
........# ...
........# ..$.....#


You could see a howler monkey and a white imp.

Vanquished Creatures
  Duvessa (D:6)
  A black bear (D:6)
  An ogre (D:6)
  A necrophage (D:6)
  A scorpion (D:6)
  A howler monkey (D:5)
  An iguana (D:6)
  Robin (D:2)
  3 gnolls (D:6)
  4 adders
  A white imp (D:6)
  2 dart slugs (D:2)
  An orc (D:6)
  3 endoplasms
  5 giant cockroaches
  11 goblins
  2 hobgoblins (D:2)
  2 jackals (D:2)
  A kobold (D:3)
  3 quokkas
  7 ball pythons
  5 bats
  A frilled lizard (D:2)
59 creatures vanquished.

Vanquished Creatures (others)
  4 toadstools (D:1)
4 creatures vanquished.

Grand Total: 63 creatures vanquished

Notes
Turn   | Place    | Note
-------+----------+-------------------------------------------
     0 | D:1      | Illumine the Minotaur Hunter began the quest for the Orb.
     0 | D:1      | Reached XP level 1. HP: 18/18 MP: 0/0
   691 | D:1      | Reached XP level 2. HP: 25/25 MP: 1/1
   883 | D:1      | Reached skill level 1 in Armour
  1102 | D:2      | Reached XP level 3. HP: 31/31 MP: 2/2
  1103 | D:2      | Found a faded altar of an unknown god.
  1300 | D:2      | Noticed Robin
  1318 | D:2      | Reached skill level 5 in Crossbows
  1341 | D:2      | Killed Robin
  1716 | D:2      | Reached XP level 4. HP: 39/39 MP: 3/3
  2060 | D:2      | Identified the +6 mace of the World {venom, Int+6}
  2279 | D:3      | You fall into a shaft and drop 3 floors!
  2279 | D:6      | Found Ulipy's Antique Weapon Shop.
  2281 | D:6      | Noticed a necrophage
  2290 | D:6      | Noticed a black bear
  2309 | D:6      | Noticed Pikel
  2309 | D:6      | Noticed a lemure
  2309 | D:6      | Noticed a lemure
  2309 | D:6      | Noticed a lemure
  2309 | D:6      | Noticed a lemure
  2530 | D:5      | Entered Level 5 of the Dungeon
  2537 | D:5      | Reached skill level 1 in Maces & Flails
  2537 | D:5      | Noticed a scorpion
  2584 | D:6      | Found a bloodstained altar of Trog.
  2585 | D:6      | Noticed a wizard
  2601 | D:6      | Reached XP level 5. HP: 46/46 MP: 4/4
  2645 | D:6      | Found Baofea's Book Emporium.
  2691 | D:6      | Killed a black bear
  2692 | D:6      | Reached XP level 6. HP: 28/53 MP: 5/5
  2917 | D:6      | Found a staircase to the Ecumenical Temple.
  2929 | Temple   | Entered the Ecumenical Temple
  2936 | Temple   | Became a worshipper of Hepliaklqana the Forgotten
  2988 | D:6      | Reached skill level 5 in Fighting
  2988 | D:6      | Reached skill level 6 in Crossbows
  3006 | D:6      | Noticed Duvessa
  3036 | D:6      | Noticed Dowan
  3040 | D:6      | Killed Duvessa
  3041 | D:6      | Reached XP level 7. HP: 21/61 MP: 6/6
  3050 | D:5      | Killed from afar by a white imp

Illustrated notes

Levels and vault maps discovered:
D:1:      ldierk_walled_garden_2, layout_basic, chequers_serial_rivers_micro_d
D:2:      layout_loops_ring, shapermc_ecumenical_altar_venn, uniq_robin
D:3:      layout_basic, serial_shops, shop, chequers_serial_rivers_room_a,
          uniq_natasha, uniq_ijyb
D:5:      layout_rooms, serial_shops, shop, minmay_stone_trees_medium,
          uniq_eustachio
D:6:      layout_basic, trog_wizard, minmay_temple_entry_glassed_door,
          serial_shops, shop, nicolae_shop_stone, kennysheep_mini_moat,
          shop_fountains, uniq_pikel, uniq_duvessa
Temple:   regret_index_temple_waves

Skill      XL: |  1  2  3  4  5  6 |
---------------+-------------------+-----
Armour         | 1 2 3 |  3.3
Fighting       | 3 4 5 |  5.5
Crossbows      | 5 6 |  6.4
Maces & Flails | 1 3 4 |  4.3
Dodging        | |  2.1
Stealth        | |  0.7

Action                   |  1- 3 |  4- 6 |  7- 9 || total
-------------------------+-------+-------+-------++-------
Melee: Unarmed           |    45 |    10 |       ||    55
       Headbutt          |     9 |     8 |       ||    17
       Mace              |       |    41 |       ||    41
 Fire: Hand crossbow     |    63 |    40 |       ||   103
  Use: Scroll            |       |     5 |       ||     5
Armor: Leather armour    |    14 |       |       ||    14
       Animal skin       |       |    15 |       ||    15
Dodge: Dodged            |    38 |    43 |       ||    81

Table legend: (Time is in decaauts)
 A = Elapsed time spent in this place.
 B = Non-inter-level travel time spent in this place.
 C = Inter-level travel time spent in this place.
 D = Time resting spent in this place.
 E = Time spent auto-exploring this place.
 F = Levels seen in this place.
 G = Mean time per level.
                   A        B        C        D        E       F      G
               +--------+--------+--------+--------+--------+-----+--------+
         Total |   3082 |   3034 |     48 |    843 |   1619 |   6 |  513.7 |
       Dungeon |   3067 |   3025 |     42 |    843 |   1619 |   5 |  613.4 |
        Temple |     14 |      8 |      6 |      0 |      0 |   1 |   14.0 |
               +--------+--------+--------+--------+--------+-----+--------+

Top non-repeatable levels by time:
     D:2: 1342 daAuts
     D:1: 931 daAuts
     D:6: 756 daAuts
     D:3: 26 daAuts
  Temple: 14 daAuts
     D:5: 12 daAuts
